 Dungeon Crawl Stone Soup version 0.28-a0-674-gdaf460b524 (webtiles) character file.

Game seed: 14922024390795767513

2202 flotson the Skirmisher (level 9, 0/68 (70) HPs)
             Began as a Demonspawn Delver on Oct 17, 2021.
             Slain by a wight (11 damage)
             ... on level 6 of the Dungeon.
             The game lasted 00:12:03 (6839 turns).

flotson the Skirmisher (Demonspawn Delver)          Turns: 6839, Time: 00:12:04

HP:   0/68 (70)     AC: 11    Str: 15    XL:     9   Next: 12%
MP:   9/9           EV: 11    Int: 12    God:
Gold: 371           SH:  5    Dex: 15    Spells: 8/8 levels left

rFire   . . .      SeeInvis .   a - +2 whip (venom)
rCold   . . .      Faith    .   (no shield)
rNeg    . . .      Spirit   .   E - +0 scale mail {rPois}
rPois   +          Reflect  +   (helmet restricted)
rElec   .          Harm     .   (no cloak)
rCorr   .          Rampage  .   D - +1 pair of gloves
Will    +....                   (no boots)
Stlth   +.........              C - amulet of reflection
HPRegen 0.21/turn               q - ring of willpower
MPRegen 0.22/turn               (no ring)

@: lightly drained
A: antennae 1, yellow scales 1, powered by death 2, magic regeneration
a: no special abilities


You were on level 6 of the Dungeon.
You visited 1 branch of the dungeon, and saw 6 of its levels.

You collected 371 gold pieces.

Inventory:

Hand Weapons
 a - a +2 whip of venom (weapon)
 b - a +4 club
Missiles
 n - 35 poisoned darts (quivered)
Armour
 D - a +1 pair of gloves (worn)
 E - a +0 scale mail of poison resistance (worn)
Jewellery
 q - a ring of willpower (left hand)
 t - a ring of fire
 C - an amulet of reflection (around neck)
Wands
 g - a wand of digging (2)
 s - a wand of mindburst (7)
Scrolls
 c - a scroll of fog
 d - 2 scrolls of magic mapping
 e - a scroll of fear
 h - a scroll of brand weapon {unknown}
 i - a scroll of silence {unknown}
 j - a scroll of noise {unknown}
 o - a scroll of enchant armour {unknown}
 p - a scroll of immolation {unknown}
 w - 2 scrolls of amnesia {unknown}
 y - a scroll of teleportation {unknown}
 B - a scroll of acquirement {unknown}
Potions
 f - 5 potions of haste
 k - 3 potions of ambrosia {unknown}
 m - a potion of might {unknown}
 r - 2 potions of flight {unknown}
 u - a potion of attraction {unknown}
 v - 2 potions of cancellation {unknown}
 x - 2 potions of brilliance {unknown}
 z - 2 potions of heal wounds {unknown}
 A - 2 potions of resistance {unknown}
 F - a potion of mutation {unknown}


   Skills:
 + Level 6.3 Fighting
 + Level 5.3 Axes
 + Level 3.0 Throwing
 + Level 4.8 Armour
 + Level 5.2 Dodging
 - Level 4.5 Stealth
 + Level 3.1 Evocations


You had 8 spell levels left.
You didn't know any spells.
Your spell library contained the following spells:

 Spells                   Type           Power      Damage    Failure   Level
 Magic Dart               Conj           0%         1d3       75%         1
 Sandblast                Erth           0%         2d4       75%         1
 Call Imp                 Summ           0%         N/A       87%         2
 Passwall                 Tmut/Erth      0%         N/A       87%         2
 Gell's Gravitas          Tloc           0%         N/A       98%         3
 Lesser Beckoning         Tloc           0%         N/A       98%         3
 Mephitic Cloud           Conj/Pois/Air  0%         N/A       98%         3
 Stone Arrow              Conj/Erth      0%         3d7       98%         3
 Teleport Other           Tloc           0%         N/A       98%         3


Dungeon Overview and Level Annotations

Branches:
Dungeon (6/15)
 Temple: D:4-7

Altars:
Ashenzari
Nemelex Xobeh
Qazlal
Xom
Yredelemnul
The Shining One

Shops:
D:5 *


Innate Abilities, Weirdness & Mutations

You have a pair of small antennae on your head.
You are partially covered in yellow scales. (AC +2)
You regenerate health from kills.
You regenerate magic rapidly.


Message History

Things that are here:
a +0 flail of holy wrath; a +0 leather armour HP restored.
f - 5 potions of haste (gained 2) 2 wights come into view.
Found 14 gold pieces.
Your +2 whip of venom stops dripping with poison.
b - a +4 club (weapon)
You hit the wight but do no damage. You block the wight's attack.
You hit the wight but do no damage. The wight hits you with a +4 battleaxe!
The wight hits you with a +4 battleaxe.
You sock the wight!
The wight is heavily damaged.
The wight barely misses you.
You hit the wight but do no damage.
The wight is heavily damaged.
The wight hits you with a +4 battleaxe!
You closely miss the wight.
The wight is heavily damaged.
The wight barely misses you.
You hit the wight.
The wight is severely damaged.
The wight hits you with a +4 battleaxe!
You are too injured to fight recklessly!
You are too injured to fight recklessly!
You are too injured to fight recklessly!
You are too injured to fight recklessly!
You are too injured to fight recklessly!
You are too injured to fight recklessly!
You hit the wight but do no damage.
The wight is severely damaged.
The wight hits you with a +4 battleaxe!
* * * LOW HITPOINT WARNING * * *
You feel drained.
* * * LOW HITPOINT WARNING * * *
Unknown command.
Your +2 whip of venom begins to drip with poison!
a - a +2 whip of venom (weapon)
The wight hits you with a +4 battleaxe!
You die...

#. #.###....# #
#.###).#...###
#..#.......# #.
###...#.....# #.
##.......#.### #.
#........#.# #.##
#........#.#
#..####........#z#
#.##..........#@#
##....##.......#.#
.......#.....###.#
.<....<..###..##.#
........##5##.##.#
..<.....# .. ....#
........# $# ###
........#
........#


You could see a wight.

Vanquished Creatures
  Pikel (D:5)
  Grinder (D:3)
  Eustachio (D:5)
  A water moccasin (D:5)
  Edmund (D:6)
  An ice beast (D:5)
  A black bear (D:3)
  The ghost of Sabo the Covered, an amateur MiFi of Fedhas (D:2)
  An ogre (D:4)
  A lemure (D:4)
  A scorpion (D:5)
  A centaur zombie (D:5)
  A bullfrog skeleton (D:5)
  A hound (D:6)
  A gnoll shaman (D:4)
  A jelly (D:5)
  2 orc priests
  2 iguanas
  3 orc wizards
  Ijyb (D:5)
  A centaur simulacrum (D:3)
  A hound skeleton (D:4)
  14 gnolls
  10 adders
  A hound simulacrum (D:3)
  A shadow imp (D:5)
  3 dart slugs
  3 adder simulacra (D:3)
  15 orcs
  7 bats
  8 endoplasms
  2 giant cockroaches (D:1)
  17 goblins
  14 hobgoblins
  6 jackals
  3 quokkas
  10 ball pythons
  6 frilled lizards
  3 goblin zombies (D:5)
  18 kobolds
  A kobold skeleton (D:5)
  3 orc skeletons (D:5)
  4 orc zombies (D:5)
  6 rats
181 creatures vanquished.

Notes
Turn   | Place    | Note
-------+----------+-------------------------------------------
     0 | D:5      | flotson the Demonspawn Delver began the quest for the Orb.
     0 | D:5      | Reached XP level 1. HP: 18/18 MP: 1/1
    15 | D:5      | Noticed Eustachio
    51 | D:4      | Gained mutation: You regenerate a little health from kills.
                  | [demonic ancestry]
    51 | D:4      | Reached XP level 2. HP: 24/24 MP: 2/2
   213 | D:4      | Reached skill level 1 in Armour
   213 | D:4      | Gained mutation: You are partially covered in yellow
                  | scales. (AC +2) [demonic ancestry]
   213 | D:4      | Reached XP level 3. HP: 29/29 MP: 3/3
   734 | D:1      | Gained mutation: You regenerate magic rapidly. [demonic
                  | ancestry]
   734 | D:1      | Reached XP level 4. HP: 35/35 MP: 4/4
  1912 | D:2      | Gained mutation: You regenerate health from kills. [demonic
                  | ancestry]
  1912 | D:2      | Reached XP level 5. HP: 24/42 MP: 5/5
  2279 | D:3      | Found a runed translucent gate.
  2279 | D:3      | Found a runed translucent gate.
  2279 | D:3      | Found a runed translucent gate.
  2324 | D:3      | Reached skill level 4 in Fighting
  2362 | D:3      | Noticed Sabo's ghost (amateur MiFi)
  2506 | D:2      | Killed Sabo's ghost
  2507 | D:2      | Reached XP level 6. HP: 26/48 MP: 6/6
  3014 | D:3      | Found a faded altar of an unknown god.
  3228 | D:3      | Noticed Grinder
  3274 | D:3      | Paralysed by Grinder for 6 turns
  3282 | D:3      | Killed Grinder
  3283 | D:3      | Reached XP level 7. HP: 53/55 MP: 7/7
  3358 | D:3      | Found a stormy altar of Qazlal.
  3358 | D:3      | Found a sparkling altar of Nemelex Xobeh.
  4023 | D:4      | Reached skill level 5 in Fighting
  4100 | D:4      | Found a bloodstained altar of Trog.
  4102 | D:4      | Found a shimmering altar of Xom.
  4102 | D:4      | Found a basalt altar of Yredelemnul.
  4104 | D:4      | Found a broken altar of Ashenzari.
  4104 | D:4      | Found a shimmering altar of Xom.
  4104 | D:4      | Found a shimmering altar of Xom.
  4922 | D:5      | Found Zophif's General Store.
  4960 | D:5      | Reached skill level 1 in Throwing
  4960 | D:5      | Reached skill level 1 in Evocations
  4960 | D:5      | Reached XP level 8. HP: 62/63 MP: 8/8
  5285 | D:5      | Killed Eustachio
  5738 | D:5      | Noticed Ijyb
  6277 | D:5      | Killed Ijyb
  6456 | D:5      | Noticed Pikel
  6583 | D:5      | Killed Pikel
  6584 | D:5      | Reached skill level 6 in Fighting
  6584 | D:5      | Reached skill level 5 in Axes
  6584 | D:5      | Reached skill level 5 in Dodging
  6584 | D:5      | Gained mutation: You have a pair of small antennae on your
                  | head. [demonic ancestry]
  6584 | D:5      | Reached XP level 9. HP: 69/69 MP: 9/9
  6706 | D:6      | Noticed Edmund
  6720 | D:6      | Killed Edmund
  6839 | D:6      | Slain by a wight

Illustrated notes

Levels and vault maps discovered:
D:1:      roderic_crossed_star, layout_loops_corners, minmay_small_reverse_x
D:2:      minmay_alternating_diamond, layout_loops_corners
D:3:      layout_rooms, nicolae_overflow_hidden_temple, gammafunk_ghost_icy,
          chequers_ecumenical_altar_simple_redux, chequers_big_river,
          uniq_grinder
D:4:      layout_basic, doesnt_xom_only_xom, hangedman_abyss_or_decor_passed,
          grunt_ministairs_7
D:5:      corexii_shantytown, layout_basic, nicolae_tso_besieged_by_evil,
          serial_shops, nicolae_shop_statue_plus, uniq_sigmund, uniq_eustachio,
          uniq_ijyb, uniq_pikel
D:6:      cheibrodos_quashed, layout_rooms, mrwooster_statue_mirror,
          uniq_duvessa, uniq_edmund, uniq_blork_the_orc

Skill      XL: |  1  2  3  4  5  6  7  8  9 |
---------------+----------------------------+-----
Axes           | 2 3 4 5 |  5.3
Dodging        | 2 3 4 5 |  5.2
Armour         | 1 2 3 4 |  4.8
Fighting       | 4 5 6 |  6.3
Throwing       | 1 2 3 |  3.0
Evocations     | 1 2 3 |  3.1
Stealth        | |  4.5

Action                   |  1- 3 |  4- 6 |  7- 9 || total
-------------------------+-------+-------+-------++-------
Melee: Hand axe          |    80 |     7 |       ||    87
       Dagger            |       |    65 |       ||    65
       Whip              |       |   108 |   384 ||   492
       Club              |       |       |     7 ||     7
Throw: Dart              |       |       |    10 ||    10
Evoke: Wand              |     4 |     8 |     1 ||    13
 Stab: Sleeping          |     8 |     6 |     5 ||    19
       Paralysed         |       |    15 |       ||    15
       Distracted        |       |       |     1 ||     1
Armor: Leather armour    |    28 |    12 |       ||    40
       Ring mail         |       |    76 |    97 ||   173
       Scale mail        |       |       |    37 ||    37
Dodge: Dodged            |    60 |   128 |   183 ||   371
Block: Other             |       |       |    58 ||    58

Table legend: (Time is in decaauts)
 A = Elapsed time spent in this place.
 B = Non-inter-level travel time spent in this place.
 C = Inter-level travel time spent in this place.
 D = Time resting spent in this place.
 E = Time spent auto-exploring this place.
 F = Levels seen in this place.
 G = Mean time per level.
                   A        B        C        D        E       F      G
               +--------+--------+--------+--------+--------+-----+--------+
         Total |   6860 |   6651 |    209 |    531 |   4560 |   6 | 1143.3 |
       Dungeon |   6860 |   6651 |    209 |    531 |   4560 |   6 | 1143.3 |
               +--------+--------+--------+--------+--------+-----+--------+

Top non-repeatable levels by time:
     D:4: 1999 daAuts
     D:2: 1480 daAuts
     D:5: 1306 daAuts
     D:3: 1042 daAuts
     D:1: 885 daAuts
     D:6: 146 daAuts
